[Event "Titled Tuesday Blitz May 23 Late 2023"]
[White "Spitzl, Vinzent"]
[Black "Senft, Sean"]
[WhiteFideId "12901253"]
[BlackFideId "2044960"]
[WhiteElo "2225"]
[BlackElo "1989"]
[Result "1/2-1/2"]
[Round "08"]
[TimeControl "180+2"]
[Date "2023.05.23"]
[WhiteClock "0:00:05"]
[BlackClock "0:00:08"]

1. e4 c5 2. Nf3 d6 3. d4 cxd4 4. Nxd4 Nf6 5. Nc3 a6 6. Bg5 e6 7. Qe2 Qb6 8. O-O-O Nc6 9. Nb3 Bd7 10. Be3 Qc7 11. f3 Be7 12. g4 b5 13. g5 Nh5 14. Qd2 Ne5 15. f4 Nc4 16. Bxc4 bxc4 17. Nd4 O-O 18. Nce2 g6 19. Ng3 Ng7 20. h4 Rfb8 21. c3 e5 22. Nde2 Bg4 23. h5 Nxh5 24. Nxh5 Bxh5 25. f5 Qb7 26. f6 Bd8 27. Rxh5 gxh5 28. Ng3 Bb6 29. Bxb6 Qxb6 30. Nf5 Rb7 31. Re1 Rab8 32. b4 cxb3 33. g6 fxg6 34. Ne7+ Rxe7 35. fxe7 Kf7 36. Qd5+ Kxe7 37. Rf1 Rf8 38. Rxf8 Kxf8 39. axb3 h4 40. Qe6 Qe3+ 41. Kb2 h3 42. Qf6+ Ke8 43. Qe6+ Kf8 44. Qf6+ Kg8 45. Qe6+ Kg7 46. Qe7+ Kh6 47. Qh4+ Kg7 48. Qe7+ Kg8 49. Qe8+ Kg7 50. Qe7+ 1/2-1/2


[Site "https://www.chess.com"]

[Event "Titled Tuesday Blitz May 23 Late 2023"]
[White "Shapiro, Viktor"]
[Black "gueraumasague"]
[WhiteFideId "4175700"]
[WhiteElo "2152"]
[BlackElo "2548"]
[Result "0-1"]
[Round "08"]
[TimeControl "180+2"]
[Date "2023.05.23"]
[WhiteClock "0:00:06"]
[BlackClock "0:00:10"]

1. c4 g6 2. Nc3 Bg7 3. Nf3 d6 4. d4 Nc6 5. Bg5 Nf6 6. e4 Bg4 7. d5 Ne5 8. Be2 Nxf3+ 9. gxf3 Bd7 10. h4 h5 11. Qc2 c6 12. Rg1 Rc8 13. f4 cxd5 14. cxd5 Nxe4 15. Qxe4 Rxc3 16. Rd1 Rc7 17. Bd3 Kf8 18. Qe2 Bc8 19. Rg3 Rc5 20. Re3 f6 21. Bxg6 Bg4 22. f3 Bd7 23. b4 Rc8 24. Kf2 fxg5 25. fxg5 Qb6 26. Kg3 Qxb4 27. Rxe7 Be5+ 28. Rxe5 dxe5 29. Qxe5 Kg8 30. Qf6 Qf8 31. Qd4 Qd6+ 32. f4 Qxg6 33. Re1 Re8 34. Re5 Rh7 35. d6 Rxe5 36. Qxe5 Qe6 37. Qd4 Rf7 38. a4 Qg4+ 39. Kh2 Qxf4+ 40. Qxf4 Rxf4 0-1


[Site "https://www.chess.com"]

[Event "Titled Tuesday Blitz May 23 Late 2023"]
[White "Kovalevsky, Stanislav"]
[Black "Guerra Tulcan, Lenin"]
[WhiteFideId "13508598"]
[BlackFideId "3601382"]
[WhiteElo "2174"]
[BlackElo "2368"]
[Result "1-0"]
[Round "08"]
[TimeControl "180+2"]
[Date "2023.05.23"]
[WhiteClock "0:00:23"]
[BlackClock "0:00:11"]

1. c4 e5 2. Nc3 Nf6 3. g3 Bc5 4. Bg2 a6 5. e3 Ba7 6. d4 exd4 7. exd4 O-O 8. Nge2 Re8 9. O-O d6 10. Bg5 h6 11. Bf4 Nbd7 12. Qd2 Nf8 13. Rfe1 Rb8 14. b4 Be6 15. c5 Ng6 16. Rad1 Bg4 17. f3 Bd7 18. cxd6 Nxf4 19. Nxf4 cxd6 20. Nfd5 Bc6 21. Rxe8+ Nxe8 22. Qf4 Nc7 23. Nxc7 Qxc7 24. Ne4 Rd8 25. h4 Qb6 26. Nxd6 Bd5 27. Nf5 Qxb4 28. Qc7 Re8 29. Kh2 Re2 30. Qd8+ Kh7 31. Qxd5 Qb2 32. Rg1 Re6 33. h5 Qc2 34. f4 b5 35. Nd6 Qc7 36. Be4+ Kg8 37. Rc1 Qxc1 38. Qa8+ 1-0


[Site "https://www.chess.com"]

[Event "Titled Tuesday Blitz May 23 Late 2023"]
[White "reevecanada"]
[Black "Baches Garcia, Guillermo"]
[BlackFideId "2209764"]
[WhiteElo "2442"]
[BlackElo "2529"]
[Result "0-1"]
[Round "08"]
[TimeControl "180+2"]
[Date "2023.05.23"]
[WhiteClock "0:00:27"]
[BlackClock "0:00:09"]

1. e4 d5 2. exd5 Qxd5 3. Nc3 Qa5 4. d4 Nf6 5. Bd3 c6 6. Bd2 Bg4 7. f3 Bh5 8. Qe2 e6 9. O-O-O Nbd7 10. h4 Bg6 11. Kb1 Qb6 12. Ne4 Qxd4 13. Bc3 Qa4 14. b3 Qa3 15. Bb2 Qa5 16. Nxf6+ gxf6 17. Bxg6 hxg6 18. Nh3 Rxh4 19. Qf2 Rh5 20. g4 Rd5 21. Rde1 O-O-O 22. Nf4 Rd2 23. Qf1 Ne5 24. g5 Ba3 25. Ba1 Qc5 26. c4 Nxc4 27. Qxc4 Qxc4 28. bxc4 fxg5 29. Ne2 R8d3 30. Nc1 Rxf3 31. Nb3 Rg2 32. Rh8+ Kc7 33. Be5+ Kb6 34. Bd4+ c5 35. Ba1 Rff2 36. Rd1 Bb2 37. Rd6+ Kc7 38. Rhd8 Rg1+ 39. Rd1 Rxd1+ 40. Rxd1 Bxa1 41. Nxa1 g4 42. Nb3 g3 43. Nc1 g2 44. Rg1 f5 45. Re1 Rf1 46. Rxe6 g1=Q 47. Re7+ Kd6 48. Rg7 Rxc1+ 49. Kb2 Qd1 50. Rxg6+ Ke5 51. Rg2 Qc2+ 52. Rxc2 Rxc2+ 53. Kxc2 f4 54. Kd2 f3 55. Ke3 f2 56. Kxf2 Kd4 57. Ke2 Kxc4 58. Kd2 Kb4 59. Kc2 b5 60. Kb2 a5 61. Kc2 Ka4 62. Kb2 b4 63. Kc2 c4 64. Kb1 c3 65. Kc2 Ka3 66. Kb1 b3 67. Ka1 b2+ 68. Kb1 c2+ 69. Kxc2 Kxa2 70. Kc3 b1=Q 71. Kc4 Qb4+ 72. Kd5 a4 73. Kc6 Kb3 74. Kc7 a3 75. Kc8 a2 76. Kc7 a1=Q 77. Kc8 Qaa5 78. Kd7 Qb7+ 79. Ke8 Qaa8# 0-1


[Site "https://www.chess.com"]

[Event "Titled Tuesday Blitz May 23 Late 2023"]
[White "Martic, Ivan"]
[Black "Mazurkiewicz, Michal"]
[WhiteFideId "929301"]
[BlackFideId "1124943"]
[WhiteElo "2360"]
[BlackElo "2054"]
[Result "1-0"]
[Round "08"]
[TimeControl "180+2"]
[Date "2023.05.23"]
[WhiteClock "0:00:45"]
[BlackClock "0:00:00"]

1. d4 Nf6 2. Bg5 e6 3. e3 b6 4. Nd2 Bb7 5. Ngf3 Be7 6. Bd3 d5 7. Qe2 Ne4 8. Bxe7 Qxe7 9. c3 Nd7 10. a4 O-O 11. a5 c5 12. O-O Nxd2 13. Qxd2 e5 14. dxe5 Nxe5 15. Nxe5 Qxe5 16. Be2 Rad8 17. Bf3 b5 18. a6 Bc6 19. b4 c4 20. Qd4 Qxd4 21. exd4 Rfe8 22. Rfe1 Kf8 23. h4 Rxe1+ 24. Rxe1 Re8 25. Ra1 Ke7 26. g4 f6 27. Kh2 Kd6 28. Kg3 h6 29. h5 Bd7 30. Kf4 Bc8 31. Ra5 Bd7 32. Ra1 Bc8 33. Kg3 Bd7 34. Kg2 Bc6 35. Kf1 Bd7 36. Be2 f5 37. gxf5 Bxf5 38. Ra5 Bd7 39. Ra3 Rf8 40. Kg2 Rf5 41. Kg3 Rg5+ 42. Kh2 Bg4 43. Bxg4 Rxg4 44. Ra5 Kc6 45. Ra2 Rh4+ 46. Kg3 Rxh5 47. Re2 Rg5+ 48. Kf4 Rg6 49. Re7 Kb6 50. Rd7 Rf6+ 51. Kg3 Rf5 52. Rxg7 Kxa6 53. Rg6+ Kb7 54. Rxh6 a5 55. bxa5 b4 56. Rb6+ Ka7 57. Rxb4 1-0


[Site "https://www.chess.com"]

[Event "Titled Tuesday Blitz May 23 Late 2023"]
[White "Haszon, David"]
[Black "KorolDimitriy75"]
[WhiteFideId "733610"]
[WhiteElo "2210"]
[BlackElo "2400"]
[Result "1/2-1/2"]
[Round "08"]
[TimeControl "180+2"]
[Date "2023.05.23"]
[WhiteClock "0:00:40"]
[BlackClock "0:00:20"]

1. d4 Nf6 2. Bf4 c5 3. e3 Qb6 4. Nc3 Qxb2 5. Nb5 Nd5 6. Rb1 Qxa2 7. Ra1 Qb2 8. Rb1 Qa2 9. Nc7+ Nxc7 10. Bxc7 cxd4 11. exd4 e6 12. Nf3 Nc6 13. Bd3 Bb4+ 14. Ke2 O-O 15. Ra1 Qb2 16. Rb1 Qa2 17. Ra1 Qb2 18. Rb1 Qa2 1/2-1/2


[Site "https://www.chess.com"]

[Event "Titled Tuesday Blitz May 23 Late 2023"]
[White "Ladan, Nicholas"]
[Black "Carrasco Miranda, Andres"]
[WhiteFideId "30918855"]
[BlackFideId "3405990"]
[WhiteElo "2167"]
[BlackElo "2183"]
[Result "1-0"]
[Round "08"]
[TimeControl "180+2"]
[Date "2023.05.23"]
[WhiteClock "0:00:13"]
[BlackClock "0:00:07"]

1. d4 Nf6 2. c3 g6 3. Bg5 Bg7 4. Nd2 h6 5. Bh4 c5 6. e3 cxd4 7. exd4 d6 8. Bd3 Nc6 9. Ne2 O-O 10. O-O e5 11. Ne4 exd4 12. cxd4 d5 13. Nxf6+ Bxf6 14. Bxf6 Qxf6 15. Qd2 Kg7 16. Bb5 Ne7 17. Rac1 a6 18. Bd3 Nc6 19. Bb1 Bg4 20. Ng3 h5 21. h3 h4 22. Ne4 dxe4 23. hxg4 Rad8 24. Bxe4 Rxd4 25. Qe3 Re8 26. f3 Rb4 27. b3 Qd4 28. Qxd4+ Nxd4 29. Rc7 b6 30. Ra7 a5 31. Rd1 Ne2+ 32. Kf2 Ng3 33. Rdd7 Nxe4+ 34. fxe4 Rf8 35. Ke3 Kf6 36. Rd6+ Kg5 37. Kf3 Re8 38. Rd5+ Kh6 39. Rxf7 Rbxe4 40. g5+ Kh5 41. Rh7# 1-0


[Site "https://www.chess.com"]

[Event "Titled Tuesday Blitz May 23 Late 2023"]
[White "StarkyNZ"]
[Black "Janaszak, Dawid"]
[BlackFideId "1119206"]
[WhiteElo "2369"]
[BlackElo "2220"]
[Result "0-1"]
[Round "08"]
[TimeControl "180+2"]
[Date "2023.05.23"]
[WhiteClock "0:01:35"]
[BlackClock "0:01:40"]

1. d4 d5 2. c4 e6 3. Nc3 c5 4. cxd5 cxd4 5. dxe6 Bxe6 6. Ne4 Nf6 7. Nxf6+ Qxf6 8. Nf3 Nc6 9. Qa4 Bc5 10. Qb5 Bb6 11. g3 O-O 12. Bg2 d3 13. Qxd3 Nb4 14. Qb1 Bf5 15. e4 Bxe4 16. Qxe4 Rfe8 0-1


[Site "https://www.chess.com"]

[Event "Titled Tuesday Blitz May 23 Late 2023"]
[White "Bashkansky, Ethan"]
[Black "Ognean, Mihnea-Ionut"]
[WhiteFideId "2071533"]
[BlackFideId "1232347"]
[WhiteElo "2354"]
[BlackElo "2215"]
[Result "0-1"]
[Round "08"]
[TimeControl "180+2"]
[Date "2023.05.23"]
[WhiteClock "0:01:39"]
[BlackClock "0:02:08"]

1. d4 g6 2. e4 Bg7 3. Be3 Nf6 4. f3 d5 5. Nc3 dxe4 6. Nxe4 Nxe4 7. fxe4 e5 8. d5 Qh4+ 9. g3 Qxe4 10. Qf3 Bf5 11. O-O-O Qxc2# 0-1


[Site "https://www.chess.com"]

[Event "Titled Tuesday Blitz May 23 Late 2023"]
[White "Cruz Mendez, Jean Marco"]
[Black "Bach, Matthias"]
[WhiteFideId "3526402"]
[BlackFideId "4603168"]
[WhiteElo "2064"]
[BlackElo "2130"]
[Result "0-1"]
[Round "08"]
[TimeControl "180+2"]
[Date "2023.05.23"]
[WhiteClock "0:01:22"]
[BlackClock "0:01:22"]

1. e4 e5 2. Nf3 Nc6 3. Bb5 Bc5 4. O-O d6 5. c3 a6 6. Ba4 Ba7 7. h3 Ne7 8. d4 exd4 9. cxd4 O-O 10. Nc3 d5 11. e5 Bf5 12. Be3 Be4 13. Bc2 Bxf3 14. Qxf3 Bxd4 15. Bxd4 Nxd4 16. Qd3 Nxc2 17. Qxc2 c6 18. Rad1 Qb6 19. Rfe1 Rfe8 20. Ne2 Ng6 21. Ng3 Rxe5 22. Rxe5 Nxe5 23. Qf5 Ng6 24. Re1 Qxb2 25. Nh5 Rf8 26. Rb1 Qe5 27. Qf3 b5 28. Rb3 c5 29. Re3 Qa1+ 30. Kh2 d4 31. Re2 Qc3 32. Qc6 d3 33. Re8 d2 34. Qd7 Qd4 35. Rxf8+ Nxf8 0-1


[Site "https://www.chess.com"]

[Event "Titled Tuesday Blitz May 23 Late 2023"]
[White "Lalanne, Pablo"]
[Black "Dragomirescu, Robin-Alexandru"]
[WhiteFideId "112151"]
[BlackFideId "1213849"]
[WhiteElo "2120"]
[BlackElo "2356"]
[Result "0-1"]
[Round "08"]
[TimeControl "180+2"]
[Date "2023.05.23"]
[WhiteClock "0:00:02"]
[BlackClock "0:01:03"]

1. e4 g6 2. d4 Nf6 3. Nc3 d5 4. e5 Ne4 5. Bd3 Nxc3 6. bxc3 c5 7. Nf3 Bg4 8. h3 Bxf3 9. Qxf3 c4 10. Be2 e6 11. O-O h5 12. Rb1 Qc7 13. Qf6 Rg8 14. Bg5 Nc6 15. g4 hxg4 16. Bxg4 Be7 17. Qf4 Bxg5 18. Qxg5 b6 19. f4 Qe7 20. Kg2 Rh8 21. Kg3 Kd7 22. h4 Rab8 23. a4 a6 24. Rh1 b5 25. axb5 axb5 26. h5 gxh5 27. Rxh5 Rhg8 28. Qxe7+ Nxe7 29. Kf3 Rh8 30. Rbh1 Rxh5 31. Rxh5 Ra8 32. f5 Ra3 33. fxe6+ fxe6 34. Rh6 Rxc3+ 35. Kf4 Nf5 36. Bxf5 exf5 37. Kxf5 Rxc2 38. Rh7+ Kc6 39. e6 Re2 40. Kf6 c3 41. Rh3 b4 42. e7 c2 43. Rh1 b3 44. Rc1 Kb5 45. Kf7 Kc4 46. e8=Q Rxe8 47. Kxe8 Kc3 0-1


[Site "https://www.chess.com"]

[Event "Titled Tuesday Blitz May 23 Late 2023"]
[White "Perez, Maximiliano"]
[Black "Denishev, Marat"]
[WhiteFideId "117234"]
[BlackFideId "24131563"]
[WhiteElo "2344"]
[BlackElo "2311"]
[Result "0-1"]
[Round "08"]
[TimeControl "180+2"]
[Date "2023.05.23"]
[WhiteClock "0:00:06"]
[BlackClock "0:00:23"]

1. e4 Nf6 2. e5 Nd5 3. d4 d6 4. c4 Nb6 5. exd6 exd6 6. Nc3 Be7 7. Nf3 O-O 8. Be2 Bf5 9. O-O Nc6 10. Be3 Bf6 11. b3 d5 12. c5 Nc8 13. Qd2 N8e7 14. h3 Bg6 15. g4 Re8 16. Rad1 Nc8 17. Ne1 a5 18. Bf3 Be4 19. Bxe4 dxe4 20. d5 Bxc3 21. Qxc3 Ne5 22. f4 exf3 23. Nxf3 Nxf3+ 24. Rxf3 Ne7 25. d6 cxd6 26. cxd6 Ng6 27. d7 Re7 28. Qd4 Ne5 29. Rff1 Rxd7 30. Qa1 Nf3+ 31. Kf2 Nh4 32. Kg3 Ng6 33. Rxd7 Qxd7 34. Bd4 Re8 35. Bxg7 Re3+ 36. Kg2 Qd5+ 37. Kh2 Re2+ 0-1


[Site "https://www.chess.com"]

[Event "Titled Tuesday Blitz May 23 Late 2023"]
[White "Torres Dominguez, David"]
[Black "Guz, Ari"]
[WhiteFideId "2220857"]
[BlackFideId "2825759"]
[WhiteElo "1999"]
[BlackElo "2205"]
[Result "0-1"]
[Round "08"]
[TimeControl "180+2"]
[Date "2023.05.23"]
[WhiteClock "0:00:00"]
[BlackClock "0:00:18"]

1. e4 a5 2. Nf3 Nc6 3. d4 d6 4. d5 Ne5 5. Nxe5 dxe5 6. Nc3 Nf6 7. Bg5 h6 8. Bh4 e6 9. dxe6 Qxd1+ 10. Rxd1 Bxe6 11. Bxf6 gxf6 12. a3 c6 13. Be2 Bc5 14. h3 h5 15. O-O Ke7 16. Kh2 Rag8 17. Na4 Bd4 18. c3 Ba7 19. c4 Bd4 20. b4 axb4 21. axb4 b6 22. c5 b5 23. Nb6 Ra8 24. Rd3 Ra2 25. Bf3 Bxf2 26. Rd6 Be3 27. Rxc6 Bf4+ 28. Kg1 Be3+ 29. Kh2 Bf4+ 30. Kg1 Rg8 31. Rc7+ Kf8 32. Rb7 Rg3 33. Rb8+ Kg7 34. Ra8 Rb2 35. c6 Bxh3 36. c7 Bxg2 0-1


[Site "https://www.chess.com"]

[Event "Titled Tuesday Blitz May 23 Late 2023"]
[White "Ambartsumova, Karina"]
[Black "Prydun, Andriy"]
[WhiteFideId "4166299"]
[BlackFideId "14145898"]
[WhiteElo "2240"]
[BlackElo "2164"]
[Result "1-0"]
[Round "08"]
[TimeControl "180+2"]
[Date "2023.05.23"]
[WhiteClock "0:02:03"]
[BlackClock "0:00:17"]

1. Nf3 Nf6 2. c4 c5 3. Nc3 Nc6 4. d4 Nxd4 5. Nxd4 cxd4 6. Qxd4 d6 7. g3 Bd7 8. Bg2 Bc6 9. e4 g6 10. O-O Bg7 11. Bg5 O-O 12. Qd2 Re8 13. Rfe1 a6 14. Nd5 b5 15. Nb4 Bd7 16. e5 1-0


[Site "https://www.chess.com"]

[Event "Titled Tuesday Blitz May 23 Late 2023"]
[White "Gatterer, Florian"]
[Black "Erzhanov, Arman"]
[WhiteFideId "811688"]
[BlackFideId "4138821"]
[WhiteElo "2221"]
[BlackElo "2138"]
[Result "1/2-1/2"]
[Round "08"]
[TimeControl "180+2"]
[Date "2023.05.23"]
[WhiteClock "0:00:04"]
[BlackClock "0:00:56"]

1. e4 d6 2. d4 Nf6 3. Nc3 c6 4. f4 d5 5. e5 Ng8 6. Bd3 h5 7. Nce2 Nh6 8. c3 Bf5 9. Nf3 e6 10. O-O Be7 11. Ng3 Bxd3 12. Qxd3 g6 13. f5 Nxf5 14. Nxf5 gxf5 15. b4 Nd7 16. a4 Rc8 17. a5 Nf8 18. Be3 Ng6 19. Qd2 Kd7 20. Ne1 Rg8 21. Kh1 Nh4 22. Qe2 Qf8 23. b5 c5 24. b6 a6 25. g3 Ng6 26. Nd3 c4 27. Nc5+ Bxc5 28. dxc5 Nxe5 29. Bh6 Qxh6 30. Qxe5 Rxc5 31. Rad1 h4 32. Rg1 hxg3 33. Rxg3 Rxg3 34. Qxg3 Qg6 35. Qb8 Kc6 36. Qe8+ Kd6 37. Qd8+ Ke5 38. Re1+ Kf4 39. Qd6+ Kf3 40. Rf1+ Ke2 41. Qf4 Qg4 42. Rf2+ Kd3 43. Qd2+ Ke4 44. Re2+ Kf3 45. Rf2+ Ke4 46. Re2+ Kf3 47. Rf2+ Ke4 1/2-1/2


[Site "https://www.chess.com"]

[Event "Titled Tuesday Blitz May 23 Late 2023"]
[White "Ibadov, Dashgyn"]
[Black "ArchibaldCerveza29"]
[WhiteFideId "24107514"]
[WhiteElo "2208"]
[BlackElo "2402"]
[Result "1-0"]
[Round "08"]
[TimeControl "180+2"]
[Date "2023.05.23"]
[WhiteClock "0:00:16"]
[BlackClock "0:00:03"]

1. e4 e5 2. Nf3 Nc6 3. d4 exd4 4. Nxd4 Bc5 5. Nb3 Bb6 6. Qe2 d6 7. Nc3 a5 8. a4 Nf6 9. Be3 Bxe3 10. Qxe3 Be6 11. Nd4 Nxd4 12. Qxd4 O-O 13. O-O-O Nd7 14. f4 Qf6 15. Qxf6 Nxf6 16. Be2 Rfe8 17. Bf3 Rad8 18. h3 Bd7 19. g4 Bc6 20. Rhe1 Nd7 21. Nd5 Bxd5 22. exd5 Kf8 23. Kd2 Rxe1 24. Rxe1 Re8 25. Rxe8+ Kxe8 26. b3 Ke7 27. Kd3 Nb6 28. Kd4 h6 29. h4 Kf6 30. Be4 Ke7 31. g5 hxg5 32. fxg5 g6 33. c3 Kf8 34. Bc2 Nd7 35. b4 Ne5 36. Bd1 b6 37. Be2 Ke7 38. Ke4 Kd7 39. h5 gxh5 40. Bxh5 c5 41. dxc6+ Kxc6 42. Kf5 Kd5 43. Kf6 Kc4 44. Bxf7+ Kxc3 45. bxa5 bxa5 46. Ke6 Kb4 47. Be8 Kc5 48. Bb5 Nf3 49. g6 Nd4+ 50. Kf6 Nxb5 51. axb5 a4 52. g7 a3 53. g8=Q Kxb5 54. Qb3+ Kc6 55. Qxa3 d5 56. Ke5 Kd7 57. Kxd5 Ke8 58. Qa7 Kd8 59. Kd6 Kc8 60. Qa8# 1-0


[Site "https://www.chess.com"]

[Event "Titled Tuesday Blitz May 23 Late 2023"]
[White "Tologon tegin, Semetei"]
[Black "Mikhalsky, Vladimir"]
[WhiteFideId "13800574"]
[BlackFideId "14144352"]
[WhiteElo "2247"]
[BlackElo "2236"]
[Result "1-0"]
[Round "08"]
[TimeControl "180+2"]
[Date "2023.05.23"]
[WhiteClock "0:00:17"]
[BlackClock "0:00:03"]

1. d4 Nf6 2. Nc3 g6 3. e4 d6 4. Nf3 Bg7 5. Be2 O-O 6. O-O Nc6 7. h3 e5 8. Be3 a6 9. a4 d5 10. Nxe5 Nxe5 11. dxe5 Nxe4 12. Nxd5 Bxe5 13. Bh6 Bg7 14. Bxg7 Kxg7 15. Bf3 Nf6 16. Re1 c6 17. Nxf6 Qxf6 18. c3 Rd8 19. Qb3 Rb8 20. a5 Bxh3 21. Qb4 Bf5 22. Re7 Rd7 23. Rae1 Qd6 24. Qh4 Rxe7 25. Rxe7 Qf6 26. Qb4 Qg5 27. Bxc6 bxc6 28. Rxf7+ Kxf7 29. Qxb8 Qe7 30. Qb6 Bd3 31. Qd4 Qe1+ 32. Kh2 Qe4 33. Qa7+ Kf6 34. Qxh7 Qf4+ 35. Kg1 Qc1+ 36. Kh2 Qxb2 37. Qh4+ g5 38. Qd4+ Kf7 39. Qxd3 Qb8+ 40. g3 Qe5 41. Qf3+ Kg7 42. Qxc6 Qxa5 43. Kg2 Qa2 44. c4 a5 45. c5 a4 46. Qd7+ Kf6 47. c6 Qc2 48. c7 Qe4+ 49. Kg1 Qb1+ 50. Kh2 Qc2 51. Qd8+ Kg6 52. Kg2 Qc6+ 53. Kg1 Qc1+ 54. Kh2 Qc2 55. Qe8+ Kh6 56. Qf8+ Kh5 57. c8=Q 1-0


[Site "https://www.chess.com"]

[Event "Titled Tuesday Blitz May 23 Late 2023"]
[White "Vaglio Munoz, Jaime"]
[Black "Toncheva, Nadya"]
[WhiteFideId "6500145"]
[BlackFideId "2924056"]
[WhiteElo "2199"]
[BlackElo "2101"]
[Result "0-1"]
[Round "08"]
[TimeControl "180+2"]
[Date "2023.05.23"]
[WhiteClock "0:00:00"]
[BlackClock "0:00:51"]

1. Nf3 c5 2. c4 Nc6 3. b3 e5 4. Bb2 d6 5. d3 g6 6. g3 Bg7 7. Bg2 Nge7 8. O-O O-O 9. a3 h6 10. Ra2 Be6 11. Nc3 d5 12. cxd5 Nxd5 13. Na4 Qe7 14. e3 Rac8 15. d4 cxd4 16. exd4 e4 17. Ne5 Nxe5 18. dxe5 b5 19. Bxe4 Rfd8 20. Qf3 bxa4 21. bxa4 Ne3 22. Qxe3 Bxa2 23. f4 Qc5 24. Kf2 Qxe3+ 25. Kxe3 Bd5 26. Bd3 Bc4 27. Bxc4 Rxc4 28. Rf2 Rxa4 29. g4 Rb8 30. Bd4 Rb3+ 31. Ke4 Rbxa3 32. f5 gxf5+ 33. gxf5 Ra2 34. Rxa2 Rxa2 35. f6 Bf8 36. Be3 a5 37. Bd4 a4 38. h4 a3 39. h5 Rh2 40. Kf5 Rxh5+ 41. Kg4 Rg5+ 42. Kf4 a2 43. Ba1 Rg1 44. e6 fxe6 45. Be5 Kf7 46. Bd4 Rf1+ 47. Ke4 h5 48. Ke3 h4 49. Ke2 Rf5 0-1


[Site "https://www.chess.com"]

[Event "Titled Tuesday Blitz May 23 Late 2023"]
[White "Liu, Casper"]
[Black "Evdokimov, Alexey"]
[WhiteFideId "1454153"]
[BlackFideId "24162450"]
[WhiteElo "2221"]
[BlackElo "2154"]
[Result "0-1"]
[Round "08"]
[TimeControl "180+2"]
[Date "2023.05.23"]
[WhiteClock "0:01:23"]
[BlackClock "0:00:07"]

1. d4 Nf6 2. Bf4 d5 3. Qd3 e6 4. Nd2 Be7 5. O-O-O O-O 6. g4 c5 7. g5 Nfd7 8. h4 cxd4 9. Ngf3 Nc6 10. Nxd4 e5 11. Nxc6 bxc6 12. Bg3 Qa5 13. Kb1 Rb8 14. Nb3 Qa4 15. e4 d4 16. f4 c5 17. fxe5 Nb6 18. c4 Be6 19. Rc1 Rb7 20. Nd2 Rfb8 21. b3 Nxc4 22. Nxc4 Rxb3+ 23. axb3 Rxb3+ 24. Qxb3 Qxb3+ 25. Nb2 Qxg3 26. Bd3 Qxe5 27. Nc4 Bxc4 28. Rxc4 g6 29. Kc2 Qc7 30. Ra1 Qh2+ 31. Kc1 Qg1+ 32. Kb2 Qe3 33. Rd1 Qf2+ 34. Rc2 Qxh4 35. Ra1 Qxg5 36. Rxa7 Qe3 37. Bc4 Qxe4 38. Rf2 Qe3 39. Rxf7 Qc3+ 40. Kb1 Qe1+ 41. Ka2 Qd2+ 42. Ka3 Qb4+ 43. Ka2 Qxc4+ 44. Kb2 Qxf7 45. Ra8+ Kg7 46. Ra7 Qf2+ 47. Ka3 Kf6 48. Ka4 c4 49. Kb5 Qf5+ 50. Kc6 Qe6+ 51. Kc7 Qd6+ 52. Kc8 Qe6+ 53. Kb7 c3 54. Ka8 d3 55. Rc7 c2 56. Kb8 d2 57. Kb7 d1=Q 58. Kb8 Qd8+ 59. Kb7 Qxc7+ 60. Ka8 Qa6# 0-1


[Site "https://www.chess.com"]

[Event "Titled Tuesday Blitz May 23 Late 2023"]
[White "Figorito, Nick"]
[Black "Moral Garcia, Serafin"]
[WhiteFideId "30923689"]
[BlackFideId "2201925"]
[WhiteElo "2368"]
[BlackElo "2274"]
[Result "1-0"]
[Round "08"]
[TimeControl "180+2"]
[Date "2023.05.23"]
[WhiteClock "0:02:33"]
[BlackClock "0:01:38"]

1. Nf3 Nf6 2. g3 g6 3. Bg2 Bg7 4. O-O O-O 5. c4 c5 6. d4 cxd4 7. Nxd4 Nc6 8. Nc2 d6 9. Nc3 Be6 10. b3 Qd7 11. Bb2 Bh3 12. Qd2 Bxg2 13. Kxg2 Rfd8 14. Ne3 Ng4 15. Nxg4 Qxg4 16. Nd5 e6 17. Nf6+ Bxf6 18. Bxf6 1-0


[Site "https://www.chess.com"]

[Event "Titled Tuesday Blitz May 23 Late 2023"]
[White "Ammar, Sedrani"]
[Black "Kim, Sergey"]
[WhiteFideId "9312331"]
[BlackFideId "13700570"]
[WhiteElo "2115"]
[BlackElo "2480"]
[Result "1-0"]
[Round "08"]
[TimeControl "180+2"]
[Date "2023.05.23"]
[WhiteClock "0:00:20"]
[BlackClock "0:00:00"]

1. e4 e5 2. Nf3 Nc6 3. Nc3 Nf6 4. d4 exd4 5. Nxd4 Bb4 6. Nxc6 bxc6 7. Bd3 d5 8. O-O Bxc3 9. bxc3 dxe4 10. Bc4 O-O 11. Qxd8 Rxd8 12. Bg5 h6 13. Bxf6 gxf6 14. Rfe1 Bf5 15. h3 Rd2 16. Bb3 a5 17. a4 Rad8 18. Re3 Bg6 19. Rae1 f5 20. g3 h5 21. h4 Kg7 22. R3e2 Rd1 23. Rxd1 Rxd1+ 24. Kg2 Kf6 25. f3 Ke5 26. Kf2 f4 27. fxe4 Bxe4 28. gxf4+ Kxf4 29. Bxf7 Rh1 30. Bxh5 Rxh4 31. Be8 Rh2+ 32. Ke1 Rh8 33. Bf7 Rh1+ 34. Kd2 Ra1 35. Bb3 Rf1 36. Rh2 Bf5 37. Rh6 Rf2+ 38. Kc1 Be4 39. Rf6+ Ke3 40. Re6 Rf1+ 41. Kb2 Rf2 42. Re5 Kf4 43. Rxa5 Bf3 44. Ra7 Ke5 45. Rxc7 Be4 46. Re7+ Kf4 47. Rf7+ Ke3 48. Rxf2 Kxf2 49. Be6 Ke3 50. Kb3 Kd2 51. a5 1-0


[Site "https://www.chess.com"]

[Event "Titled Tuesday Blitz May 23 Late 2023"]
[White "Jimenez Almeida, Luis David"]
[Black "FuenfgegenWilly"]
[WhiteFideId "22242244"]
[WhiteElo "2245"]
[BlackElo "2365"]
[Result "0-1"]
[Round "08"]
[TimeControl "180+2"]
[Date "2023.05.23"]
[WhiteClock "0:00:03"]
[BlackClock "0:00:11"]

1. e4 e5 2. Nf3 Nc6 3. Bb5 a6 4. Ba4 d6 5. O-O Bd7 6. c3 Be7 7. d4 h6 8. Re1 Bf6 9. Be3 Nge7 10. d5 Nb8 11. c4 O-O 12. c5 dxc5 13. Bxc5 b6 14. Ba3 Bxa4 15. Qxa4 c5 16. Qc2 a5 17. Nc3 Nc8 18. Nb5 Nd6 19. Nxd6 Qxd6 20. b3 Nd7 21. Rac1 g6 22. h4 Rfc8 23. g3 Kg7 24. Kg2 h5 25. Qd2 a4 26. Re3 b5 27. Bb2 Nb6 28. Ng5 c4 29. b4 a3 30. Bc3 Na4 31. Rf3 Nxc3 32. Qxc3 Ra4 33. Rb1 Qe7 34. Qc1 Qa7 35. Nxf7 Qxf7 36. Qe3 Qa7 37. Qd2 Qd4 38. Qe1 c3 39. Rd1 Qxb4 40. d6 c2 41. Qxb4 Rxb4 42. d7 Rd8 43. Rc1 Rc4 44. Rd3 Kf7 45. f4 exf4 46. gxf4 Bxh4 47. e5 Ke6 48. Rd6+ Ke7 49. Kf3 Rxd7 50. Rxg6 Be1 51. f5 Bd2 52. Rxc2 Rxc2 53. Ke4 Rc4+ 54. Kf3 Rf4+ 55. Kg3 Rxf5 56. e6 Rd6 57. Rg7+ Kxe6 58. Kg2 Re5 59. Kh3 Kd5 60. Kh2 Bc3 61. Kh3 Kc4 62. Rg2 Rd3+ 63. Kh4 Re4+ 64. Kg5 Rd5+ 65. Kh6 Re6+ 66. Kh7 Rd7+ 0-1


[Site "https://www.chess.com"]

[Event "Titled Tuesday Blitz May 23 Late 2023"]
[White "Chabris, Christopher"]
[Black "Goncalves, Davi Sulzbacher"]
[WhiteFideId "2005263"]
[BlackFideId "2154510"]
[WhiteElo "2358"]
[BlackElo "2182"]
[Result "0-1"]
[Round "08"]
[TimeControl "180+2"]
[Date "2023.05.23"]
[WhiteClock "0:00:00"]
[BlackClock "0:00:09"]

1. e4 d5 2. exd5 Qxd5 3. Nc3 Qa5 4. d4 c6 5. Bd2 Qc7 6. Nf3 Bg4 7. h3 Bh5 8. g4 Bg6 9. Bg2 Nd7 10. a4 e6 11. a5 Ngf6 12. a6 b6 13. Qe2 Bxc2 14. Rc1 Bg6 15. d5 Nc5 16. Ne5 Qxe5 17. Qxe5 Nd3+ 18. Ke2 Nxe5 19. dxc6 Bd3+ 20. Ke3 O-O-O 21. c7 Bc5+ 22. Kf4 Rd4+ 23. Kg3 Nc4 24. Be3 Nxe3 25. fxe3 Rc4 26. Nb5 Rxc1 27. Nxa7+ Kd7 28. Bc6+ Kxc7 29. Rxc1 Bxa6 30. b4 Bxe3 31. Rc3 Bd4 32. Rc2 Kb8 33. Bf3 Be5+ 34. Kg2 Kxa7 0-1


[Site "https://www.chess.com"]